 Dungeon Crawl Stone Soup version 0.17.1-2-g5865329 (webtiles) character file.

419 Jerry the Ducker (level 6, 0/43 HPs)
             Began as an Octopode Fighter on Jan 27, 2016.
             Was an Initiate of Nemelex Xobeh.
             Slain by a gnoll
             ... wielding a +0 flail
              (14 damage)
             ... on level 5 of the Dungeon.
             The game lasted 00:17:59 (3719 turns).

Jerry the Ducker (Octopode Fighter)                 Turns: 3719, Time: 00:17:59

Health: 0/43       AC:  1    Str: 21    XL:     6   Next: 93%
Magic:  7/7        EV: 11    Int: 10    God:    Nemelex Xobeh [......]
Gold:   275        SH:  9    Dex: 13    Spells: 0 memorised, 5 levels left

rFire  . . .     SeeInvis .     a - +0 long sword
rCold  . . .     Clarity  .     b - +0 shield
rNeg   . . .     SustAt   .     (helmet restricted)
rPois  .         Gourm    .     (no amulet)
rElec  .         Spirit   .     (no ring)
rCorr  .         Warding  .     q - ring of stealth
rMut   .         Stasis   .     (no ring)
MR     .....                    (no ring)
Stlth  +++++.....               (no ring)
                                (no ring)
                                (no ring)
                                (no ring)

@: mighty, not resistant to hostile enchantments, quite stealthy
A: almost no armour, amphibious, 8 rings, constrict 8, camouflage 1, gelatinous
body 1
a: Renounce Religion


You were on level 5 of the Dungeon.
You worshipped Nemelex Xobeh.
Nemelex Xobeh was noncommittal.
You were hungry.

You visited 1 branch of the dungeon, and saw 5 of its levels.

You collected 275 gold pieces.

Inventory:

Hand Weapons
 a - a +0 long sword (weapon)
Missiles
 h - 92 stones (quivered)
Armour
 b - a +0 shield (worn)
Magical Staves
 v - a cursed staff of poison
Jewellery
 q - a ring of stealth (right tentacle)
Scrolls
 f - a scroll of enchant weapon {unknown}
 g - a scroll of teleportation
 i - 3 scrolls of remove curse
 j - 3 scrolls of identify
 n - 2 scrolls of fog {unknown}
 r - a scroll of magic mapping {unknown}
 u - 3 scrolls of blinking
Potions
 c - a potion of might
 e - a potion of magic {unknown}
 k - 2 potions of poison {unknown}
 o - a potion of ambrosia {unknown}
 p - a potion of agility {unknown}
 s - a potion of invisibility {unknown}
 t - 2 potions of brilliance {unknown}
Comestibles
 d - 2 bread rations
 l - 3 meat rations
 m - a beef jerky


   Skills:
 - Level 4.0 Fighting
 + Level 3.7 Long Blades
 - Level 4.0 Dodging
 - Level 4.0 Stealth
 - Level 4.0 Shields
 + Level 2.1 Evocations


You had 5 spell levels left.
You didn't know any spells.

Dungeon Overview and Level Annotations

Branches:
Dungeon (5/15)             Temple (0/1) D:5

Altars:
Cheibriados
Nemelex Xobeh
Qazlal
Sif Muna
Vehumet

Annotations:
D:5 Grinder


Innate Abilities, Weirdness & Mutations

You cannot wear most types of armour.
You are amphibious.
You can wear up to eight rings at the same time.
You can use your tentacles to constrict eight enemies at once.
Your skin changes colour to match your surroundings (Stealth).
Your rubbery body absorbs attacks (AC +1).


Message History

You closely miss the orc wizard. You grab the orc wizard.
The orc wizard is moderately wounded.
You constrict the orc wizard. The orc wizard hits you with a dagger.
You block the orc's attack. The orc wizard barely misses you.
The orc wizard gestures wildly while chanting.
The orc wizard flickers and vanishes!
Deactivating autopickup; reactivate with Ctrl-A.
The orc closely misses you.
You hit the orc wizard.
The orc wizard is severely wounded.
You constrict the orc wizard.
You kill the orc wizard!
Your Stealth skill increases to level 4!
Your Shields skill increases to level 4!
You block the orc's attack.
Drink which item? (? for menu, Esc to quit)
You feel very mighty all of a sudden. You block the orc's attack.
The gnoll hits you with a flail!
You die...
Your body disappears without a glow.

≈≈≈≈≈≈≈....≈≈≈≈
≈≈≈≈≈≈≈....≈≈≈≈≈
≈≈≈≈≈≈≈(...≈≈≈≈≈
................
...............h
.....##########.
.#..## #### #{##
.#..######..###og#
...###.......###@###
.......##....#.....#
.....###..##.#.⌠.⌠.###
.#.#.# #.###.'..>..'.#
.#.#.# #. ###.⌠.⌠.#.#
.#...# #. #.....#.#
......##. ###'###.#
......... #..# .#
....... ....# ##


You could see a gnoll, an orc and a jackal.

Vanquished Creatures
  A phantom (D:5)
  A hound (D:4)
  An orc wizard (D:5)
  An orc priest (D:5)
  A centaur skeleton (D:4)
  2 worker ants (D:4)
  7 gnolls
  3 adders
  An ooze (D:4)
  4 giant geckos
  4 orcs
  A ball python (D:2)
  7 bats
  9 goblins
  4 hobgoblins
  7 jackals
  2 giant cockroaches
  A giant gecko skeleton (D:4)
  4 giant newts
  2 jackal skeletons (D:4)
  7 kobolds
  5 rats
75 creatures vanquished.

Notes
Turn   | Place    | Note
--------------------------------------------------------------
     0 | D:1      | Jerry the Octopode Fighter began the quest for the Orb.
     0 | D:1      | Reached XP level 1. HP: 16/16 MP: 1/1
   130 | D:1      | Reached XP level 2. HP: 21/21 MP: 2/2
   869 | D:2      | Found a radiant altar of Vehumet.
   949 | D:2      | Reached XP level 3. HP: 26/26 MP: 3/3
  1732 | D:3      | Found a snail-covered altar of Cheibriados.
  1856 | D:3      | Reached skill level 1 in Stealth
  2041 | D:3      | Reached XP level 4. HP: 29/31 MP: 4/4
  2215 | D:3      | Found a deep blue altar of Sif Muna.
  2682 | D:3      | Found a sparkling altar of Nemelex Xobeh.
  2690 | D:3      | Became a worshipper of Nemelex Xobeh the Trickster
  2694 | D:3      | You fall through a shaft!
  2762 | D:4      | Reached XP level 5. HP: 30/37 MP: 5/5
  3253 | D:4      | Found a stormy altar of Qazlal.
  3326 | D:4      | Reached XP level 6. HP: 32/43 MP: 6/6
  3357 | D:4      | Received a gift from Nemelex Xobeh
  3372 | D:4      | Reached skill level 4 in Dodging
  3382 | D:4      | Reached skill level 1 in Evocations
  3592 | D:5      | Entered Level 5 of the Dungeon
  3699 | D:5      | Found a staircase to the Ecumenical Temple.
  3711 | D:5      | Noticed Grinder
  3719 | D:5      | Slain by a gnoll

Action                   |  1- 3 |  4- 6 || total
-------------------------+-------+-------++-------
Melee: Long sword        |    74 |    75 ||   149
Throw: Stone             |     3 |     9 ||    12
  Use: Scroll            |       |     4 ||     4
       Potion            |       |     1 ||     1
 Stab: Sleeping          |     5 |     8 ||    13
  Eat: Chunk             |     3 |     5 ||     8
